 Dungeon Crawl Stone Soup version 0.30-a0-719-gcc4359ea44 (webtiles) character file.

Game seed: 6766557337268034904

533 sircluck the Chopper (level 7, 0/60 HPs)
             Began as a Hill Orc Fighter on Jan 26, 2023.
             Slain by a jackal (2 damage)
             ... on level 5 of the Dungeon.
             The game lasted 00:19:06 (3587 turns).

sircluck the Chopper (Hill Orc Fighter)             Turns: 3587, Time: 00:19:06

Health: 0/60       AC:  0    Str: 21    XL:     7   Next: 24%
Magic:  7/7        EV: 14    Int:  8    God:
Gold:   239        SH:  0    Dex: 10    Spells: 6/6 levels left

rFire   . . .      SeeInvis .    (weapon currently unavailable)
rCold   . . .      Faith    .    (shield currently unavailable)
rNeg    . . .      Spirit   .    (body armour currently unavailable)
rPois   .          Reflect  .    (helmet currently unavailable)
rElec   .          Harm     .    (cloak currently unavailable)
rCorr   .          Rampage  .    (gloves currently unavailable)
Will    .....                    (boots currently unavailable)
Stlth   +                        (no amulet)
HPRegen 0.30/turn                (ring currently unavailable)
MPRegen 0.10/turn                (ring currently unavailable)

@: pig-form, flying, very quick
A: fast, no casting, small
a: no special abilities


You were on level 5 of the Dungeon.
You were a filthy swine.
You visited 1 branch of the dungeon, and saw 5 of its levels.

You collected 239 gold pieces.

Inventory:

Hand Weapons
 a - a +0 war axe
 d - a +1 dagger of venom
 j - a +1 vampiric hand axe
 k - a +0 dagger of electrocution
 l - a +0 sling
 s - a +0 flail of draining
 u - a +1 dagger of venom
 v - a +2 war axe of electrocution (melded)
Missiles
 f - 36 stones (quivered)
Armour
 b - a +0 scale mail
 c - a +0 buckler (melded)
 e - a +0 pair of boots (melded)
 n - +0 ice dragon scales (melded)
 B - a scarf of resistance (melded)
Jewellery
 i - a ring of willpower (melded)
 r - a ring of positive energy (melded)
 t - a ring of protection from fire
Wands
 C - a wand of iceblast (4)
Scrolls
 m - a scroll of noise {unknown}
 o - 4 scrolls of identify {unknown}
 p - 2 scrolls of teleportation
 q - a scroll of magic mapping {unknown}
 y - a scroll of enchant armour {unknown}
Potions
 g - 2 potions of attraction {unknown}
 h - a potion of magic
 x - a potion of mutation {unknown}


   Skills:
 + Level 4.8 Fighting
 + Level 7.1 Axes
 + Level 4.8 Armour
 + Level 1.6 Dodging
 + Level 0.1 Stealth
 + Level 4.2 Shields


You had 6 spell levels left.
You didn't know any spells.
Your spell library contained the following spells:

 Spells                   Type           Power      Damage    Failure   Level
 Apportation              Tloc           0%         N/A       41%         1
 Necrotise                Necr           0%         1d4       41%         1
 Summon Small Mammal      Summ           0%         N/A       41%         1
 Ozocubu's Armour         Ice            0%         N/A       78%         3
 Ozocubu's Refrigeration  Ice            0%         4d7       100%        7


Dungeon Overview and Level Annotations

Branches:
Dungeon (5/15)
 Temple: D:4-7

Altars:

Annotations:
D:5 Dowan, Duvessa, Ijyb


Message History

Your scarf of resistance melds into your body.
Your +0 pair of boots melds into your body.
Your +0 buckler melds into your body.
Your +0 ice dragon scales melds into your body.
Your ring of positive energy melds into your body.
Your ring of willpower melds into your body.
Your +2 war axe of electrocution stops crackling.
You feel hot and cold all over. Duvessa hits you with a +0 short sword!
It was a potion of curing.
You feel better. Duvessa misses you. Duvessa closely misses you.
As you read the scroll of teleportation, it crumbles to dust.
You feel strangely unstable. Duvessa hits you with a +0 short sword!
* * * LOW HITPOINT WARNING * * *
Dowan mumbles some strange words.
Dowan blinks!
Ijyb the Twisted Goblin comes into view.
She is wielding a +2 spectral club and carrying a wand of iceblast (6).
Ijyb shouts!
You hear an angry hiss.
Dowan hits you with a +0 dagger.
* * * LOW HITPOINT WARNING * * *
It was a potion of flight.
You feel very buoyant.
You fly up into the air.
Duvessa hits you with a +0 short sword!
* * * LOW HITPOINT WARNING * * *
Dowan closely misses you. Duvessa closely misses you.
You barely miss Dowan. Duvessa hits you with a +0 short sword!
* * * LOW HITPOINT WARNING * * *
The air fills with toxic fumes!
As you read the scroll labelled CEAMIG QANWINI, it crumbles to dust.
It was a scroll of poison.
Your surroundings suddenly seem different. 2 jackals come into view.
The jackal barks! x2
The jackal closely misses you.
Aiming: Iceblast
Press: ? - help, Shift-Dir - straight line
Okay, then.
You closely miss the jackal. The jackal bites you.
* * * LOW HITPOINT WARNING * * *
The jackal bites you.
You die...

####### #....h#
#...hh# #.....##
#. .#
#......#####.# .#
# #............#
.#.#
#....(.......#
.#.#
#####........#
...# #........#
...
####.......####.#


You could see 2 jackals.

Vanquished Creatures
  A wraith (D:5)
  A scorpion (D:4)
  2 hounds (D:4)
  2 iguanas (D:4)
  9 adders
  3 worms
  13 orcs
  5 endoplasms
  4 giant cockroaches
  7 goblins
  12 hobgoblins
  6 jackals
  5 kobolds
  6 quokkas
  11 ball pythons
  7 bats
  6 frilled lizards
  6 rats
106 creatures vanquished.

Notes
Turn   | Place    | Note
-------+----------+-------------------------------------------
     0 | D:1      | sircluck the Hill Orc Fighter began the quest for the Orb.
     0 | D:1      | Reached XP level 1. HP: 19/19 MP: 1/1
   112 | D:1      | Reached XP level 2. HP: 27/27 MP: 2/2
   155 | D:1      | Reached skill level 3 in Axes
   519 | D:1      | Reached XP level 3. HP: 33/33 MP: 3/3
  1497 | D:2      | Reached XP level 4. HP: 40/40 MP: 4/4
  1680 | D:2      | Reached skill level 4 in Axes
  2238 | D:3      | Reached XP level 5. HP: 46/46 MP: 5/5
  2843 | D:4      | Reached skill level 5 in Axes
  2907 | D:4      | Reached skill level 6 in Axes
  2907 | D:4      | Reached XP level 6. HP: 52/52 MP: 6/6
  3504 | D:5      | Entered Level 5 of the Dungeon
  3504 | D:5      | Noticed a wraith
  3514 | D:5      | Killed a wraith
  3515 | D:5      | Reached skill level 7 in Axes
  3515 | D:5      | Reached skill level 1 in Dodging
  3515 | D:5      | Reached XP level 7. HP: 60/60 MP: 7/7
  3540 | D:5      | Noticed Duvessa
  3541 | D:5      | Noticed Dowan
  3579 | D:5      | Noticed Ijyb
  3581 | D:5      | HP: 1/60 [Duvessa/+0 short sword (8)]
  3587 | D:5      | HP: 2/60 [jackal (1)]
  3587 | D:5      | Slain by a jackal

Illustrated notes

Levels and vault maps discovered:
D:1:      dpeg_arrival_arbitrary_c, layout_loops_ring
D:2:      layout_basic, minmay_vboxes
D:3:      layout_loops_ring, st_stairs_9
D:4:      layout_loops_ring
D:5:      layout_rooms, nicolae_ossuary_entry_monument, minmay_misc_feat_square,
          nicolae_wooded_promenade, minmay_manual_monolith, uniq_duvessa,
          uniq_ijyb, uniq_menkaure

Skill      XL: |  1  2  3  4  5  6 |
---------------+-------------------+-----
Axes           | 3 4 6 7 |  7.1
Armour         | 4 |  4.8
Shields        | 4 |  4.2
Fighting       | 4 |  4.8
Dodging        | 1 |  1.6
Stealth        | |  0.1

Action                     |  1- 3 |  4- 6 |  7- 9 || total
---------------------------+-------+-------+-------++-------
  Melee: War axe           |    56 |    60 |     3 ||   119
         Hand axe          |    69 |   150 |       ||   219
         Unarmed           |       |       |     3 ||     3
    Use: Scroll            |     2 |       |     2 ||     4
         Potion            |     2 |       |     2 ||     4
 Armour: Scale mail        |    49 |       |       ||    49
         Ice dragon scales |    17 |   105 |     2 ||   124
  Dodge: Dodged            |    74 |   126 |    10 ||   210
  Block: Buckler           |    43 |    47 |       ||    90

Table legend: (Time is in decaauts)
 A = Elapsed time spent in this place.
 B = Non-inter-level travel time spent in this place.
 C = Inter-level travel time spent in this place.
 D = Time resting spent in this place.
 E = Time spent auto-exploring this place.
 F = Levels seen in this place.
 G = Mean time per level.
                   A        B        C        D        E       F      G
               +--------+--------+--------+--------+--------+-----+--------+
         Total |   3644 |   3232 |    412 |      0 |    965 |   5 |  728.8 |
       Dungeon |   3644 |   3232 |    412 |      0 |    965 |   5 |  728.8 |
               +--------+--------+--------+--------+--------+-----+--------+

Top non-repeatable levels by time:
     D:1: 1048 daAuts
     D:2: 1024 daAuts
     D:4: 766 daAuts
     D:3: 729 daAuts
     D:5: 75 daAuts
